AoeStats
← Schweindals | LordN00bius

Black Forest

509732095Analyzed
2v2 RM · 4d ago on Sep 27, 2026· 66m 52s· 4 players
Game mode
Random Map
Map size
Medium (4 player)
Population
200
Speed
Normal
Resources
Standard
Victory
Conquest
Starting age
Dark Age
Ending age
Imperial Age
RankedLock teamsTeams togetherTeam positionsShared explorationLock speedFull tech treeHidden civsTurbo modeCheats
Victory
Defeat
🇭🇷 Bohemians · Croatia
873
+16
🇭🇷 Khmer · Croatia
871
+16
890
-17
🇩🇪 Varangians · Germany
850
-15
Schweindals | LordN00bius
0:34 Loom
24:57 Feudal Age
25:36 Double-Bit Axe
31:10 Wheelbarrow
30:38 Fletching
34:53 Castle Age
33:37 Gold Mining
35:43 Stone Mining
36:26 Bow Saw
36:36 Bodkin Arrow
36:37 Horse Collar
43:17 Heavy Plow
44:19 Padded Archer Armor
48:35 Hand Cart
50:11 Ballistics
58:07 Pikeman
58:49 Scale Mail Armor
59:00 Forging
63:13 Imperial Age
63:04 Gambesons
63:32 Onager
Phil
0:30 Loom
13:53 Feudal Age
17:51 Town Watch
17:54 Double-Bit Axe
20:44 Wheelbarrow
20:23 Horse Collar
24:16 Castle Age
23:21 Bloodlines
23:08 Fletching
26:21 Husbandry
26:09 Pikeman
26:49 Squires
26:59 Bodkin Arrow
31:14 Gold Mining
31:31 Scale Barding Armor
33:35 Town Patrol
38:44 Imperial Age
38:50 Imperial Age
36:59 Town Patrol
37:15 Bow Saw
37:31 Chain Barding Armor
41:18 Hand Cart
41:29 Conscription
43:02 Murder Holes
43:28 Ballistics
44:43 Forging
48:21 Two-Man Saw
47:35 Light Cavalry
48:45 Light Cavalry
49:51 Onager
56:27 Chemistry
60:11 Halberdier
62:57 Heavy Plow
63:31 Cavalier
65:15 Hussar
66:23 Man-at-Arms
Hitman
0:27 Loom
25:34 Feudal Age
27:09 Double-Bit Axe
26:46 Man-at-Arms
27:42 Horse Collar
36:29 Scale Barding Armor
36:36 Forging
36:29 Scale Mail Armor
41:35 Castle Age
45:13 Wheelbarrow
44:50 Bow Saw
44:41 Heavy Plow
44:11 Elite Skirmisher
44:15 Pikeman
44:56 Squires
46:39 Husbandry
51:50 Ballistics
51:41 Fortified Wall
52:52 Chain Mail Armor
52:41 Long Swordsman
54:36 Hand Cart
55:43 Wagenburg Tactics
56:20 Fervor
60:42 Imperial Age
59:59 Crossbowman
61:38 Arbalester
63:05 Fletching
64:28 Two-Handed Swordsman
65:30 Caravan
B-Matt
0:33 Loom
13:54 Feudal Age
14:51 Horse Collar
14:58 Double-Bit Axe
18:01 Castle Age
16:47 Gold Mining
20:42 Bloodlines
21:19 Scale Barding Armor
24:44 Bow Saw
24:38 Heavy Plow
26:51 Wheelbarrow
28:15 Light Cavalry
31:38 Forging
35:13 Coinage
35:25 Fletching
36:25 Iron Casting
36:32 Ballistics
42:42 Imperial Age
41:19 Murder Holes
43:44 Siege Engineers
45:26 Conscription
47:01 Chain Barding Armor
46:37 Bodkin Arrow
47:52 Caravan
48:05 Husbandry
53:15 Plate Barding Armor
53:41 Blast Furnace
52:34 Cavalier
55:44 Bracer
59:10 Padded Archer Armor
61:44 Hand Cart
61:15 Town Watch
62:19 Elite Skirmisher
Connection lost

Rejoining the realm…

Still unreachable

The connection could not be restored.

Session expired

The server has moved on; the page needs a fresh start.